 Dungeon Crawl Stone Soup version 0.28.0-53-g5a82cb258f (webtiles) character file.

Game seed: 13088500592118071000

7 ILmort the Digger (level 2, 0/15 HPs)
             Began as a Gargoyle Earth Elementalist on Aug 1, 2022.
             Slain by a rat (2 damage)
             ... on level 1 of the Dungeon.
             The game lasted 00:03:11 (171 turns).

ILmort the Digger (Gargoyle Earth Elementalist)      Turns: 171, Time: 00:03:11

Health: 0/15       AC:  4    Str: 11    XL:     2   Next: 0%
Magic:  3/5        EV:  9    Int: 15    God:
Gold:   7          SH:  0    Dex: 10    Spells: 4/5 levels left

rFire   . . .      SeeInvis .   (no weapon)
rCold   . . .      Faith    .   (no shield)
rNeg    + . .      Spirit   .   b - +0 robe
rPois   ∞          Reflect  .   (no helmet)
rElec   +          Harm     .   (no cloak)
rCorr   .          Rampage  .   (no gloves)
Will    .....                   (no boots)
Stlth   ++........              (no amulet)
HPRegen 0.05/turn               (no ring)
MPRegen 0.09/turn               (no ring)

@: constricted
A: sickness immunity, AC +2, negative energy resistance 1, electricity
resistance, torment resistance 1, petrification resistance
a: no special abilities


You were on level 1 of the Dungeon.
You visited 1 branch of the dungeon, and saw 1 of its levels.

You collected 7 gold pieces.

Inventory:

Missiles
 c - 28 stones
Armour
 b - a +0 robe (worn)


   Skills:
 + Level 1.6 Dodging
 + Level 2.1 Stealth
 + Level 2.2 Spellcasting
 + Level 0.7 Transmutations
 + Level 3.9 Earth Magic


You had 4 spell levels left.
You knew the following spells:

 Your Spells              Type           Power      Damage    Failure   Level
a - Sandblast             Erth           26%        2d8       4%          1

Your spell library contained the following spells:

 Spells                   Type           Power      Damage    Failure   Level
 Passwall                 Tmut/Erth      6%         N/A       13%         2
 Stone Arrow              Conj/Erth      14%        3d7       28%         3
 Petrify                  Tmut/Erth      8%         N/A       63%         4


Dungeon Overview and Level Annotations

Branches:
Dungeon (1/15)

Altars:


Innate Abilities, Weirdness & Mutations

You are immune to sickness and miasma.
Your stone body is resilient. (AC +2)
You are immune to poison.
You resist negative energy. (rN+)
You are resistant to electric shocks. (rElec)
You are resistant to unholy torment.
You are immune to petrification.


Message History

The frilled lizard bites you but does no damage.
The bat barely misses you.
The ball python hisses angrily.
The bat hits you but does no damage. x2
A rat and a kobold come into view.
Found 14 gold pieces.
The kobold shouts!
The bat hits you but does no damage. The bat closely misses you.
The kobold throws a stone.
The stone closely misses you. The bat completely misses you. The bat hits you.
The bat closely misses you.
The kobold throws a stone.
The stone misses you.
You barely miss the rat. The rat closely misses you.
The bat closely misses you. The quokka closely misses you.
The kobold throws a stone.
The stone misses you. The frilled lizard closely misses you.
You closely miss the rat. The bat closely misses you.
The rat barely misses you. The quokka bites you.
The kobold throws a stone.
The stone barely misses you. The frilled lizard closely misses you.
You closely miss the rat. The quokka barely misses you.
The rat barely misses you. The bat misses you. The endoplasm hits you.
The frilled lizard misses you.
You hit the rat.
The rat is severely wounded.
The bat hits you but does no damage. The quokka bites you.
* * * LOW HITPOINT WARNING * * *
The rat bites you but does no damage. The ball python closely misses you.
The ball python barely misses you.
The endoplasm hits you but does no damage.
The kobold throws a stone.
The stone misses you.
The stone closely misses the ball python.
The quokka completely misses you.
The frilled lizard bites you but does no damage.
You hit the rat but do no damage.
The rat is severely wounded.
The ball python bites you.
* * * LOW HITPOINT WARNING * * *
The ball python grabs you. The ball python constricts you.
The bat hits you but does no damage. The rat bites you.
You die...

# #...#.##......... .
#...#.##..#.#....
#.#...#.#..........
.##.#$..#.#...#......
.....................
........r........^...
...#...Sl............
......r@rg.........).
..##..#bJ####....#.##.
#...K... #.........
#.........#.##....##?#
#...
....................(.
...#
....$.....#.##.##.###.
#..#
#..##.............#
#..# #..
...#.....#....# #..#
#.###........####.#


You could see an endoplasm, a quokka, a hobgoblin, a bat, a ball python, a
kobold, a frilled lizard and 2 rats.

Vanquished Creatures
  A ball python (D:1)
  A goblin (D:1)
  2 kobolds (D:1)
  A quokka (D:1)
  A frilled lizard (D:1)
6 creatures vanquished.

Notes
Turn   | Place    | Note
-------+----------+-------------------------------------------
     0 | D:1      | ILmort the Gargoyle Earth Elementalist began the quest for
                  | the Orb.
     0 | D:1      | Reached XP level 1. HP: 10/10 MP: 3/3
   129 | D:1      | Reached XP level 2. HP: 15/15 MP: 0/5
   171 | D:1      | Slain by a rat

Illustrated notes

Levels and vault maps discovered:
D:1:      eino_arrival_cavern_d, layout_basic, chequers_ecumenical_altar_twisty,
          st_stairs_14, item_on_display_a

Action                   || total
-------------------------++-------
Melee: Unarmed           ||     8
 Cast: Sandblast         ||     8
Armor: Robe              ||    26
Dodge: Dodged            ||    41
